 Dungeon Crawl Stone Soup version 0.27.1-34-g3ba077fa99 (webtiles) character file.

Game seed: 16369465662476662690

11 alasdair19 the Shield-Bearer (level 2, 0/27 HPs)
             Began as a Minotaur Fighter on Jan 24, 2022.
             Succumbed to a kobold's poison
             ... on level 1 of the Dungeon.
             The game lasted 00:00:34 (536 turns).

alasdair19 the Shield-Bearer (Minotaur Fighter)      Turns: 536, Time: 00:00:34

Health: 0/27       AC:  7    Str: 20    XL:     2   Next: 13%
Magic:  1/1        EV:  7    Int:  5    God:
Gold:   0          SH:  9    Dex:  9    Spells: 1/1 levels left

rFire    . . .     SeeInvis .   a - +0 long sword
rCold    . . .     Faith    .   c - +0 kite shield
rNeg     . . .     Spirit   .   b - +0 scale mail
rPois    .         Reflect  .   (helmet restricted)
rElec    .         Harm     .   (no cloak)
rCorr    .         Rampage  .   (no gloves)
Will     .....                  (no boots)
Stlth    ..........             (no amulet)
HPRegen  0.09/turn              (no ring)
MPRegen  0.07/turn              (no ring)

@: lethally poisoned (0 -> -17)
A: horns 2, retaliatory headbutt
a: no special abilities


You were on level 1 of the Dungeon.
You visited 1 branch of the dungeon, and saw 1 of its levels.

Inventory:

Hand Weapons
 a - a +0 long sword (weapon)
Armour
 b - a +0 scale mail (worn)
 c - a +0 kite shield (worn)
Scrolls
 e - a scroll of blinking {unknown}
 f - a scroll of identify {unknown}
 h - a scroll of teleportation {unknown}
 k - a scroll of fear {unknown}
Potions
 d - a potion of might
 g - a potion of flight {unknown}
 i - 2 potions of attraction {unknown}
 j - a potion of brilliance {unknown}


   Skills:
 + Level 3.8 Fighting
 + Level 2.5 Long Blades
 + Level 3.8 Armour
 + Level 0.4 Dodging
 + Level 3.9 Shields


You had one spell level left.
You didn't know any spells.
Your spell library was empty.

Dungeon Overview and Level Annotations

Branches:
Dungeon (1/15)

Altars:


Innate Abilities, Weirdness & Mutations

You have a pair of horns on your head.
You reflexively headbutt those who attack you in melee.


Message History

The endoplasm is severely wounded.
The endoplasm freezes you.
You are frozen.
The endoplasm hits you but does no damage.
You barely miss the endoplasm. You headbutt the endoplasm.
You kill the endoplasm!
You have reached level 2!
There is an open door here.
j - a silvery potion
Found a scroll labelled HANUPOA AMPEMOD.
k - a scroll labelled HANUPOA AMPEMOD A quokka comes into view.
Found a stone staircase leading down.
The quokka twitches its whiskers.
You block the quokka's attack.
You slash the quokka!
You kill the quokka!
You see here a quokka corpse.
A kobold comes into view. It is wielding a +2 whip of venom.
The kobold shouts!
Found a stone staircase leading down.
The kobold hits you with a +2 whip of venom.
You are poisoned.
A rat comes into view.
There is a stone staircase leading down here.
You barely miss the kobold.
You feel very sick.
The kobold hits you with a +2 whip of venom.
You are lethally poisoned!
You hit the kobold. Your headbutt misses the kobold.
The kobold is moderately wounded.
You feel extremely sick. The kobold hits you but does no damage.
You are more poisoned.
The kobold barely misses you.
You slash the kobold!
You kill the kobold!
* * * LOW HITPOINT WARNING * * *
You feel extremely sick.
You die...

####.# #.# #.. .> #.#
#.# .# #.# ##.##.# .
#.###...#.# ##..
#.##......#.....
#######.#.............
.............>@.r.....
###..†.............
#.#####.###...... #.#
#.# .###.. ###.### #.#
# . #.....###.#
.#####.##...##.#
.......#.#.#...#
##............


You could see a rat.

Vanquished Creatures
  An endoplasm (D:1)
  A giant cockroach (D:1)
  A hobgoblin (D:1)
  2 quokkas (D:1)
  2 bats (D:1)
  2 kobolds (D:1)
9 creatures vanquished.

Vanquished Creatures (others)
  A fungus (D:1)
  A plant (D:1)
2 creatures vanquished.

Grand Total: 11 creatures vanquished

Notes
Turn   | Place    | Note
-------+----------+-------------------------------------------
     0 | D:1      | alasdair19 the Minotaur Fighter began the quest for the
                  | Orb.
     0 | D:1      | Reached XP level 1. HP: 19/19 MP: 0/0
   371 | D:1      | Found a faded altar of an unknown god.
   410 | D:1      | Reached XP level 2. HP: 18/27 MP: 1/1
   536 | D:1      | Succumbed to a kobold's poison

Illustrated notes

Levels and vault maps discovered:
D:1:      dpeg_arrival_court, layout_loops_ring,
          shapermc_ecumenical_altar_ellora, minmay_3d_cube

Action                   || total
-------------------------++-------
Melee: Long sword        ||    25
       Headbutt          ||     5
Armor: Scale mail        ||     9
Dodge: Dodged            ||     5
Block: Kite shield       ||     8
       Rpst.: Long sword ||     1
